Map: [ESL] Ancient Cistern

Players

DisK

  • Race: Protoss Protoss
  • Spawn Location: 7:00

Scarlett - Winner!

  • Race: Zerg Zerg
  • Spawn Location: 1:00

Event: ESL SC2 Masters 2023 Summer (Regionals)

VOD

Have the link to the VOD?

Description

Time

  • Played on: May 12, 2023, 3:29 p.m.
  • Length: 21:49

All games in this series

Show
View Real Time Build Order
Export as new Build Order

DisK Protoss 

Build Orders: 1 Gate Expand, Oracle Opening 

Get SALT Encoding   

  12  0:00  Probe  
  13  0:12  Probe  
  14  0:19  Pylon  
  14  0:24  Probe  
  15  0:37  Probe (Chrono Boost)  
  15  0:39  Gateway  
  16  0:47  Probe (Chrono Boost), Assimilator  
  17  0:52  Probe (Chrono Boost)  
  18  1:03  Probe  
  19  1:15  Probe  
  20  1:22  Nexus  
  20  1:33  Cybernetics Core  
  20  1:37  Probe  
  21  1:43  Assimilator  
  21  1:49  Probe  
  21  1:52  Pylon  
  22  2:01  Probe (Chrono Boost)  
  22  2:08  Adept (Chrono Boost)  
  23  2:11  Warp Gate  
  23  2:13  Probe (Chrono Boost)  
  26  2:18  Probe  
  27  2:25  Stargate  
  27  2:32  Probe (Chrono Boost)  
  27  2:35  Probe (Chrono Boost)  
  27  2:36  Stalker  
  32  2:47  Probe (Chrono Boost)  
  32  2:48  Probe (Chrono Boost)  
  33  2:51  Probe (Chrono Boost)  
  33  2:54  Probe  
  35  3:01  Probe  
  36  3:06  Probe, Oracle (Chrono Boost)  
  40  3:14  Probe, Pylon, Gateway  
  41  3:21  Probe  
  41  3:27  Probe, Twilight Council  
  42  3:34  Probe  
  44  3:39  Probe  
  45  3:42  Nexus  
  45  3:47  Pylon  
  45  3:49  Probe  
  45  3:55  Probe  
  47  3:58  Resonating Glaives (Chrono Boost)  
  47  4:03  Gateway  
  47  4:04  Gateway  
  47  4:06  Probe  
  47  4:07  Probe  
  49  4:10  Assimilator  
  49  4:14  Oracle  
  49  4:17  Assimilator  
  52  4:19  Probe  
  53  4:24  Adept x2  
  53  4:28  Pylon  
  57  4:33  Pylon  
  57  4:34  Probe  
  57  4:35  Probe  
  59  4:46  Probe, Adept x2  
  59  4:47  Probe  
  65  4:54  Probe  
  65  4:58  Probe, Adept x2  
  65  4:59  Probe  
  72  5:01  Pylon  
  72  5:04  Robotics Facility  
  72  5:13  Adept x2  
  75  5:19  Adept x2  
  79  5:25  Probe (Chrono Boost)  
  79  5:26  Probe (Chrono Boost)  
  82  5:29  Shield Battery  
  82  5:30  Probe (Chrono Boost)  
  82  5:34  Pylon  
  82  5:35  Probe (Chrono Boost), Forge  
  83  5:37  Probe (Chrono Boost)  
  83  5:39  Probe (Chrono Boost)  
  83  5:40  Probe (Chrono Boost)  
  86  5:45  Gateway  
  86  5:48  Probe  
  86  5:49  Probe  
  88  5:53  Probe  
  89  6:00  Probe  
  89  6:03  Immortal (Chrono Boost), Sentry x4  
  94  6:06  Gateway  
  90  6:13  Probe x2, Blink  
  90  6:15  Protoss Ground Weapons Level 1 (Chrono Boost)  
  90  6:16  Assimilator x2  
  90  6:18  Shield Battery  
  92  6:19  Gateway  
  92  6:27  Gateway  
  92  6:30  Gateway  
  92  6:33  Immortal (Chrono Boost)  
  92  6:37  Pylon  
  96  6:42  Stalker  
  98  6:48  Probe x2  
  98  6:49  Probe, Stalker  
  98  6:52  Pylon  
  103  6:57  Stalker x2  
  103  7:00  Sentry x2  
  111  7:05  Probe x3  
  114  7:10  Pylon, Immortal (Chrono Boost)  
  118  7:20  Nexus  
  118  7:26  Pylon  
  118  7:28  Sentry  
  118  7:29  Stalker x2  
  123  7:34  Stalker x2  
  127  7:38  Pylon  
  125  7:44  Warp Prism  
  125  7:50  Probe  
  125  7:51  Probe  
  127  7:54  Robotics Bay  
  127  7:56  Robotics Facility  
  127  8:01  Protoss Ground Weapons Level 2 (Chrono Boost)  
  127  8:02  Stalker  
  127  8:03  Stalker x3  
  132  8:21  Probe  
  132  8:22  Observer  
  132  8:24  Probe x2  
  136  8:27  Photon Cannon  
  136  8:28  Shield Battery  
  136  8:29  Charge (Chrono Boost)  
  136  8:33  Probe  
  137  8:35  Probe  
  137  8:36  Probe  
  137  8:37  Probe  
  137  8:39  Pylon  
  140  8:43  Disruptor  
  140  8:44  Disruptor  
  140  8:45  Shield Battery  
  140  8:46  Photon Cannon  
  146  9:02  Stalker x9  
  152  9:13  Probe x4  
  152  9:14  Pylon  
  152  9:16  Assimilator  
  156  9:21  Assimilator  
  156  9:22  Disruptor x2  
  162  9:28  Zealot x5  
  172  9:37  Zealot x4  
  148  9:57  Disruptor x2  
  142  10:03  Zealot x8  
  142  10:04  Zealot  
  160  10:10  Probe x4  
  162  10:28  Zealot  
  162  10:29  Zealot x5  
  170  10:37  Disruptor  
  170  10:38  Pylon  
  170  10:39  Disruptor  
  170  10:41  Photon Cannon, Assimilator  
  170  10:43  Shield Battery  
  170  10:49  Zealot x3  
  172  10:53  Protoss Ground Weapons Level 3  
  172  10:55  Pylon  
  172  10:56  Pylon  
  166  11:05  Templar Archives  
  154  11:21  Probe x4  
  158  11:26  Psionic Storm  
  158  11:29  Stalker x8  
  174  11:33  Probe  
  174  11:39  Probe x3  
  174  11:45  Probe  
  161  11:47  Stalker  
  161  11:52  High Templar  
  161  11:53  High Templar x5  
  176  11:54  Observer x2  
  176  11:55  Probe  
  176  11:56  Probe  
  179  12:11  Zealot x3  
  185  12:16  Photon Cannon  
  177  12:25  Zealot x4  
  177  12:26  Zealot x2  
  187  12:52  Archon x2  
  187  12:56  Stalker x6  
  165  13:09  Stalker x3  
  141  13:20  Stalker x5  
  141  13:26  Disruptor x2  
  155  13:32  Stalker x3  
  159  13:42  Photon Cannon  
  159  13:43  Zealot x5  
  159  13:44  Photon Cannon  
  164  13:57  Gateway x2  
  164  14:00  Pylon  
  140  14:16  Stalker x4  
  140  14:17  Stalker x4  
  148  14:25  Disruptor x2  
  146  14:46  High Templar x8  
  129  15:01  Disruptor x2  
  133  15:08  High Templar x2  
  137  15:20  Observer  
  137  15:22  High Templar x2  
  137  15:27  Archon x2  
  139  15:28  High Templar  
  139  15:29  High Templar  
  139  15:31  Zealot x3  
  139  15:32  Zealot  
  139  15:34  Nexus  
  139  15:35  Pylon  
  150  15:48  Archon  
  142  15:50  Immortal x2  
  142  15:51  Zealot x2  
  142  15:54  Zealot x5  
  162  16:09  Zealot x3  
  168  16:17  Stalker x3  
  168  16:18  Stalker x3  
  176  16:32  High Templar x4  
  178  16:37  Archon  
  152  16:51  Stalker x5  
  148  17:10  High Templar  
  146  17:29  Stalker x5  
  154  17:30  Zealot x4  
  127  17:51  Zealot  
  127  17:52  Zealot x8  
  143  18:13  Zealot x8  
  130  18:30  High Templar x3  
  130  18:34  Observer  
  135  18:59  Zealot x6  
  147  19:04  Zealot x2  
  132  19:29  Observer  
  124  19:36  Zealot x6  
  83  20:17  Zealot x7  
  83  20:28  High Templar  
  83  20:29  High Templar  
  87  20:39  High Templar x2, Archon  
  87  20:40  High Templar x2  
  93  20:55  Archon x2  
  93  21:02  Zealot x4  
  91  21:36  Zealot x3  
Show
View Real Time Build Order
Export as new Build Order

Scarlett Zerg - Winner!

Build Orders: Hatch First 

Get SALT Encoding   

  12  0:00  Drone  
  13  0:12  Overlord  
  13  0:17  Drone  
  14  0:30  Drone x2  
  16  0:46  Hatchery  
  15  0:50  Drone  
  15  0:54  Drone  
  17  0:57  Drone  
  18  1:08  Extractor  
  17  1:12  Spawning Pool  
  17  1:15  Drone  
  17  1:18  Drone  
  18  1:27  Drone  
  19  1:38  Drone  
  20  1:50  Drone  
  21  1:59  Queen x2, Zergling x2, Overlord  
  26  2:10  Drone x2  
  28  2:16  Metabolic Boost  
  28  2:21  Drone x2  
  30  2:31  Drone  
  30  2:32  Hatchery  
  30  2:39  Queen  
  30  2:42  Zergling x2  
  33  2:46  Overlord  
  33  2:48  Drone  
  34  2:54  Drone x2  
  36  3:07  Queen  
  36  3:08  Drone x3  
  36  3:10  Overlord  
  41  3:15  Drone x2  
  43  3:23  Overlord  
  43  3:27  Overlord  
  43  3:28  Queen  
  43  3:30  Drone  
  46  3:38  Drone  
  46  3:41  Drone x4  
  51  3:42  Drone x3  
  54  3:49  Roach Warren  
  54  3:54  Queen  
  55  3:59  Spore Crawler  
  55  4:00  Zergling x6  
  57  4:08  Drone x4  
  61  4:16  Spore Crawler  
  61  4:17  Drone, Spore Crawler  
  59  4:18  Drone x3  
  59  4:22  Drone  
  59  4:23  Drone x2  
  66  4:29  Drone  
  66  4:30  Drone x2  
  69  4:35  Queen  
  69  4:38  Drone x5  
  69  4:43  Drone  
  74  4:45  Overlord x2  
  74  4:47  Overlord  
  74  4:52  Overlord  
  74  4:56  Extractor x2  
  74  4:57  Roach  
  74  4:58  Overlord x2  
  74  5:04  Roach x4  
  82  5:12  Roach x4  
  95  5:21  Roach x3  
  95  5:24  Extractor, Zergling x8  
  97  5:30  Drone x3  
  97  5:33  Lair  
  97  5:34  Zergling x6  
  103  5:39  Zergling x4  
  103  5:42  Hatchery  
  104  5:44  Zergling x2  
  105  5:50  Zergling x12  
  105  5:56  Zergling x6  
  107  6:06  Drone x4  
  107  6:09  Evolution Chamber  
  107  6:10  Extractor  
  106  6:12  Drone x3  
  106  6:13  Extractor  
  106  6:17  Drone  
  106  6:18  Drone x2  
  111  6:21  Drone x5, Evolution Chamber  
  116  6:25  Drone  
  116  6:32  Drone x2  
  118  6:33  Glial Reconstitution  
  118  6:35  Zerg Melee Weapons Level 1  
  118  6:38  Baneling Nest  
  118  6:39  Hatchery  
  116  6:40  Overseer  
  116  6:44  Drone x5  
  121  6:50  Drone  
  121  6:51  Overlord x2  
  121  6:52  Zerg Missile Weapons Level 1  
  121  6:53  Overseer  
  122  7:06  Drone  
  122  7:07  Drone x7  
  128  7:13  Infestation Pit  
  128  7:14  Drone x7  
  128  7:15  Drone x2  
  136  7:25  Roach x4  
  144  7:33  Extractor, Centrifugal Hooks  
  144  7:34  Drone  
  144  7:35  Infestation Pit  
  144  7:36  Overlord x4  
  140  7:47  Zergling x8  
  143  7:53  Zergling x12  
  143  7:56  Hive  
  150  7:59  Drone x3  
  153  8:06  Zergling x26  
  164  8:13  Drone x2  
  164  8:18  Ravager x8  
  171  8:21  Zergling x6  
  174  8:28  Drone x7  
  174  8:31  Zerg Melee Weapons Level 2  
  181  8:37  Spire, Overlord x3  
  181  8:39  Zergling x2  
  181  8:41  Baneling x19  
  175  9:00  Roach x17  
  186  9:10  Roach  
  186  9:11  Roach x6  
  186  9:13  Zerg Missile Weapons Level 2  
  186  9:17  Adrenal Glands  
  199  9:20  Spine Crawler, Baneling x2  
  199  9:21  Zergling x4  
  198  9:40  Zergling x6  
  151  9:54  Roach x26  
  151  9:59  Zergling x8  
  175  10:03  Zergling x16  
  175  10:06  Greater Spire  
  177  10:13  Zergling x8  
  181  10:18  Zergling x2  
  181  10:21  Zergling x12  
  188  10:23  Baneling x16  
  188  10:24  Zergling x2  
  188  10:25  Zergling x6  
  192  10:33  Zergling x10  
  197  10:39  Roach  
  193  10:45  Roach x2  
  197  10:52  Overlord x2  
  192  11:07  Zergling x14  
  194  11:11  Zerg Melee Weapons Level 3  
  190  11:21  Hatchery  
  190  11:22  Zergling x22  
  198  11:28  Zerg Flyer Weapons Level 1  
  198  11:30  Baneling x24  
  193  11:38  Drone x4  
  193  11:39  Drone x2  
  190  11:41  Baneling, Zergling x2  
  190  11:42  Zergling x18  
  199  11:49  Zergling x2  
  199  11:53  Zerg Ground Armor Level 1  
  198  11:59  Zergling x2  
  198  12:01  Baneling x5  
  199  12:09  Spore Crawler  
  199  12:10  Spore Crawler  
  199  12:13  Hatchery  
  194  12:28  Zergling x14  
  198  12:30  Baneling  
  198  12:31  Baneling x7  
  198  12:34  Zergling x4  
  199  12:43  Zergling x10  
  185  12:54  Zergling x42  
  185  12:58  Spore Crawler  
  197  12:59  Zergling x8  
  190  13:09  Zergling x22  
  179  13:14  Roach  
  179  13:15  Roach x3  
  153  13:22  Roach x7  
  153  13:26  Roach x2  
  161  13:30  Zergling x12  
  159  13:34  Zergling x2  
  159  13:36  Zergling x2  
  159  13:39  Roach x3  
  159  13:41  Roach x4  
  170  13:43  Baneling x12  
  170  13:44  Roach, Zerg Flyer Weapons Level 2  
  170  13:46  Roach x4  
  172  13:50  Zergling x10  
  172  13:51  Zerg Missile Weapons Level 3, Zerg Ground Armor Level 2  
  172  13:53  Roach x2  
  177  13:56  Roach  
  150  14:13  Roach x17  
  150  14:15  Zergling x2  
  175  14:19  Zergling x14  
  175  14:21  Zergling x2  
  182  14:26  Zergling x8  
  182  14:29  Zergling x6  
  184  14:32  Zergling x2  
  184  14:33  Zergling x8  
  184  14:37  Zergling x6  
  183  14:41  Zergling x10  
  183  14:43  Ravager  
  183  14:44  Ravager x2  
  190  14:46  Zergling x16  
  172  14:54  Zergling x8  
  169  15:00  Zergling x8  
  169  15:01  Queen  
  169  15:03  Spore Crawler  
  173  15:07  Zergling x12  
  173  15:14  Zergling x18  
  185  15:18  Drone x2  
  185  15:23  Zergling x6  
  188  15:30  Zergling x2  
  188  15:31  Zergling x6  
  188  15:34  Queen  
  188  15:35  Hatchery  
  193  15:38  Zergling x6  
  193  15:39  Zergling x8  
  200  15:49  Baneling x23  
  197  15:56  Corruptor  
  199  16:05  Zergling x2, Zerg Flyer Weapons Level 3  
  199  16:10  Baneling x28  
  200  16:17  Baneling x7  
  188  16:36  Drone  
  188  16:37  Drone x4  
  186  16:41  Zergling x34  
  186  16:44  Drone  
  186  16:45  Drone x2  
  185  16:57  Drone x6  
  185  16:59  Zergling x24  
  200  17:10  Baneling x23  
  195  17:27  Zergling x20  
  187  17:39  Zergling x38  
  186  17:49  Roach x11  
  191  18:01  Zergling x16  
  191  18:03  Baneling x19  
  191  18:04  Baneling x2  
  184  18:27  Hatchery  
  177  18:35  Overseer  
  177  18:38  Drone x2  
  177  18:39  Roach x3  
  177  18:40  Zergling x28  
  199  18:50  Overseer  
  196  19:09  Zergling x12  
  162  19:31  Roach x15, Hatchery, Zergling x26  
  156  19:37  Baneling x12  
  160  19:49  Zergling x22  
  165  19:57  Roach x6  
  155  20:06  Roach x6  
  129  20:11  Roach x2  
  118  20:17  Roach x4  
  120  20:22  Zergling x8  
  120  20:25  Zergling x2  
  120  20:28  Zergling x14  
  132  20:29  Ravager  
  132  20:30  Ravager  
  132  20:31  Zergling x2, Ravager  
  138  20:35  Roach  
  138  20:36  Roach x2  
  138  20:39  Roach x2  
  138  20:41  Ravager  
  138  20:42  Ravager  
  146  20:43  Ravager  
  146  20:44  Ravager  
  146  20:45  Roach x3  
  146  20:49  Roach x3  
  144  20:52  Roach x2  
  144  20:56  Roach x2  
  152  20:58  Roach  
  152  21:04  Roach x4  
  161  21:09  Roach x3  
  167  21:14  Roach x3  
  167  21:18  Roach x2  
  173  21:28  Roach x7  
Tags
 
Add a new tag
Caveats
  • Supply blocks, unpowered buildings, or Contaminate may cause inaccurate times.
  • Supply counts are checked every 10 seconds.